 Dungeon Crawl Stone Soup version 0.23.0 (webtiles) character file.

Game seed: 11032105903130940884

1233 Fodmotherington the Ruffian (level 8, -2/75 HPs)
             Began as a Troll Berserker on Feb 21, 2019.
             Was an Elder of Trog.
             Shot with an arrow by a centaur (4 damage)
             ... on level 6 of the Dungeon.
             The game lasted 00:35:03 (4046 turns).

Fodmotherington the Ruffian (Troll Berserker)       Turns: 4046, Time: 00:35:04

Health: -2/75      AC:  6    Str: 31    XL:     8   Next: 24%
Magic:  7/7        EV: 11    Int:  3    God:    Trog [****..]
Gold:   425        SH:  0    Dex:  9    Spells: 7/7 levels left

rFire    . . .     SeeInvis .     - Unarmed
rCold    . . .     Gourm    +   (no shield)
rNeg     . . .     Faith    .   a - +0 animal skin
rPois    +         Spirit   .   (helmet restricted)
rElec    .         Reflect  .   (no cloak)
rCorr    .         Harm     .   (gloves unavailable)
MR       .....                  (boots unavailable)
Stlth    +.........             b - amulet of regeneration
HPRegen  1.02/turn              v - +3 ring of strength
MPRegen  0.10/turn              c - ring of poison resistance

@: hasted, very quick
A: large, unfitting armour, claws 3, fast metabolism 3, gourmand, regeneration
1, shaggy fur 1, tough skin 3
a: Berserk, Trog's Hand, Brothers in Arms, Renounce Religion


You were on level 6 of the Dungeon.
You worshipped Trog.
Trog was greatly pleased with you.
You were very hungry.

You visited 2 branches of the dungeon, and saw 7 of its levels.

You collected 425 gold pieces.

Inventory:

Hand Weapons
 t - a +3 dagger of speed
Armour
 a - a +0 animal skin (worn)
Jewellery
 b - an amulet of regeneration (around neck)
 c - a ring of poison resistance (right claw)
 d - an uncursed ring of fire {unknown}
 l - an uncursed ring of magical power {unknown}
 o - an uncursed amulet of magic regeneration
 s - an uncursed amulet of harm
 v - a +3 ring of strength (left claw)
Wands
 m - a wand of disintegration (22)
 p - a wand of enslavement (9)
Scrolls
 e - a scroll of remove curse
 n - a scroll of enchant weapon
 r - a scroll of teleportation
 u - a scroll of random uselessness {unknown}
Potions
 g - 2 potions of haste
 h - a potion of berserk rage
 i - 2 potions of brilliance {unknown}
 j - 3 potions of curing {unknown}
 k - 2 potions of lignification {unknown}
 q - a potion of mutation {unknown}
Comestibles
 f - 2 rations


   Skills:
 + Level 3.5 Fighting
 + Level 5.3 Dodging
 + Level 0.5 Stealth
 + Level 7.9 Unarmed Combat


You had 7 spell levels left.
You didn't know any spells.
Your spell library contained the following spells:

 Spells                   Type           Power        Failure   Level  Hunger
 Sting                    Conj/Pois      #...         52%         1    ##.....
 Poisonous Vapours        Pois/Air       #.....       67%         2    ###....
 Mephitic Cloud           Conj/Pois/Air  #.......     88%         3    ####...
 Olgreb's Toxic Radiance  Pois           #.......     99%         4    #####..
 Venom Bolt               Conj/Pois      #.........   100%        5    ######.


Dungeon Overview and Level Annotations

Branches:
Dungeon (6/15)             Temple (1/1) D:5

Altars:
Dithmenos
Sif Muna
Trog
The Shining One


Innate Abilities, Weirdness & Mutations

You are too large for most types of armour.
You have claws for hands.
Your metabolism is lightning-fast.
You like to eat raw meat.
Your natural rate of healing is unusually fast.
You are covered in fur. (AC +1)
You have extremely tough skin. (AC +3)


Message History

The centaur zombie hits you.
* * * LOW HITPOINT WARNING * * *
The adder skeleton closely misses you. The adder skeleton closely misses you.
You mangle the centaur skeleton!!
The centaur skeleton is severely damaged.
The centaur skeleton hits you but does no damage.
The centaur zombie closely misses you.
The adder skeleton bites you but does no damage.
The centaur skeleton hits you but does no damage.
You claw the centaur skeleton!
You destroy the centaur skeleton!
Trog accepts your kill.
You can now call in reinforcements.
The centaur zombie closely misses you.
The centaur shoots an arrow.
The arrow hits you!
* * * LOW HITPOINT WARNING * * *
The adder skeleton closely misses you.
You feel yourself speed up. The centaur zombie barely misses you.
The centaur shoots an arrow.
The arrow hits you.
You die...

#.# ##+### #.#
#.....$.........
#.#
#[..............
#.#
.$.............
#.# ...
.#...!..... #.#
#.# #..........
#.# #.#
#.......... #.#
#.# #..Z.......
#.# #.#
#.@ZO...# #.#
#.# #..Z....#
#.# #.#
##.c....# #.#
#.# ######## #.#
#.# #.# #.# #.#
#.# #.#####.#
#.......#


You could see an ogre, a centaur, a worker ant zombie, a centaur zombie and an
adder skeleton.

Vanquished Creatures
  Prince Ribbit (D:5)
  A sky beast (D:5)
  A phantom (D:5)
  An ice beast (D:2)
  A black bear (D:5)
  2 ogres (D:5)
  A scorpion (D:5)
  A bullfrog zombie (D:6)
  A crimson imp (D:5)
  A gnoll shaman (D:5)
  2 centaur skeletons
  2 orc wizards (D:4)
  A bullfrog skeleton (D:5)
  An iguana (D:5)
  A worker ant (D:4)
  4 gnolls (D:5)
  3 adders
  A shadow imp (D:5)
  An ooze (D:2)
  2 adder skeletons
  3 worms
  A leopard gecko (D:1)
  3 orcs
  A ball python (D:3)
  2 giant cockroaches (D:1)
  12 goblins
  13 hobgoblins
  2 jackals (D:1)
  A quokka (D:3)
  10 bats
  7 frilled lizards
  A jackal skeleton (D:4)
  7 kobolds
  6 rats
  2 withered plants (D:6)
100 creatures vanquished.

Notes
Turn   | Place    | Note
-------+----------+-------------------------------------------
     0 | D:1      | Fodmotherington the Troll Berserker began the quest for the
                  | Orb.
     0 | D:1      | Reached XP level 1. HP: 22/22 MP: 0/0
   197 | D:1      | Reached XP level 2. HP: 29/29 MP: 1/1
   636 | D:2      | Found a shadowy altar of Dithmenos.
   641 | D:2      | Reached ** piety under Trog
   643 | D:2      | Found a glowing golden altar of the Shining One.
   655 | D:2      | Reached XP level 3. HP: 30/36 MP: 2/2
   984 | D:2      | Noticed an ice beast
  1001 | D:2      | Killed an ice beast
  1001 | D:2      | Reached skill level 4 in Unarmed Combat
  1001 | D:2      | Reached XP level 4. HP: 10/45 MP: 3/3
  1001 | D:2      | Reached XP level 5. HP: 12/53 MP: 4/4
  2059 | D:3      | Reached *** piety under Trog
  2796 | D:4      | Reached skill level 5 in Unarmed Combat
  2863 | D:5      | Entered Level 5 of the Dungeon
  2960 | D:5      | Reached XP level 6. HP: 57/61 MP: 5/5
  3084 | D:5      | Found a bloodstained altar of Trog.
  3100 | D:5      | Noticed Prince Ribbit
  3161 | D:5      | Killed Prince Ribbit
  3161 | D:5      | Reached skill level 6 in Unarmed Combat
  3161 | D:5      | Reached XP level 7. HP: 58/67 MP: 6/6
  3292 | D:5      | Found a staircase to the Ecumenical Temple.
  3300 | Temple   | Entered the Ecumenical Temple
  3424 | D:5      | Reached skill level 7 in Unarmed Combat
  3563 | D:5      | Reached XP level 8. HP: 73/75 MP: 7/7
  3601 | D:5      | Reached skill level 5 in Dodging
  4045 | D:6      | Reached **** piety under Trog
  4045 | D:6      | HP: 1/75 [centaur/arrow (12)]
  4046 | D:6      | Shot with an arrow by a centaur

Skill      XL: |  1  2  3  4  5  6  7  8 |
---------------+-------------------------+-----
Dodging        | 3 4 5 |  5.3
Fighting       | 3 |  3.5
Unarmed Combat | 4 5 6 7 |  7.9
Stealth        | |  0.5

Action                   |  1- 3 |  4- 6 |  7- 9 || total
-------------------------+-------+-------+-------++-------
Melee: Unarmed           |    90 |   122 |    69 ||   281
       Punch             |     1 |     2 |       ||     3
  Use: Scroll            |     1 |     6 |     1 ||     8
       Potion            |       |       |     1 ||     1
  Eat: Ration            |     2 |     3 |       ||     5
       Chunk             |       |     8 |     8 ||    16
Armor: Animal skin       |    70 |    63 |    20 ||   153
Dodge: Dodged            |    95 |    94 |    42 ||   231
